AoeStats
← waLLefps.

Arabia

503389660Analyzed
1v1 RM · 1mo ago on Aug 31, 2026· 54m 36s· 2 players
Game mode
Random Map
Map size
Tiny (2 player)
Population
200
Speed
Normal
Resources
Standard
Victory
Conquest
Starting age
Dark Age
Ending age
Imperial Age
RankedLock teamsTeams togetherTeam positionsShared explorationLock speedFull tech treeHidden civsTurbo modeCheats
Victory
Defeat
🇹🇷 Magyars · Türkiye
1391
+16
🇧🇬 Britons · Bulgaria
1386
-16
Svilenkar
6:36 Loom
9:16 Feudal Age
9:22 Man-at-Arms
9:51 Double-Bit Axe
21:38 Castle Age
21:02 Fletching
21:12 Padded Archer Armor
21:46 Crossbowman
22:29 Bodkin Arrow
23:24 Bow Saw
24:13 Horse Collar
29:17 Town Watch
31:37 Wheelbarrow
30:55 Gold Mining
32:50 Gold Shaft Mining
32:08 Stone Mining
32:19 Heavy Plow
34:02 Hand Cart
37:32 Ballistics
40:27 Imperial Age
39:42 Leather Archer Armor
40:16 Masonry
41:13 Bracer
41:50 Guilds
41:04 Arbalester
45:05 Chemistry
45:04 Conscription
45:35 Ring Archer Armor
47:15 Squires
46:36 Pikeman
47:17 Scale Mail Armor
47:28 Forging
48:23 Chain Mail Armor
48:41 Pikeman
49:58 Iron Casting
49:24 Halberdier
50:36 Plate Mail Armor
waLLefps.
6:12 Loom
9:18 Feudal Age
9:47 Double-Bit Axe
15:33 Horse Collar
22:02 Castle Age
20:48 Fletching
22:05 Elite Skirmisher
22:45 Bodkin Arrow
23:03 Bow Saw
28:46 Town Watch
29:55 Scale Barding Armor
30:12 Bloodlines
33:18 Gold Mining
33:40 Corvinian Army
36:41 Wheelbarrow
41:37 Imperial Age
40:59 Chain Barding Armor
43:42 Conscription
44:38 Two-Man Saw
43:39 Heavy Plow
44:22 Plate Barding Armor
45:02 Chemistry
44:52 Elite Magyar Huszar
45:55 Husbandry
47:30 Parthian Tactics
46:25 Heavy Cavalry Archer
47:11 Thumb Ring
47:10 Bracer
47:11 Padded Archer Armor
47:56 Siege Engineers
48:02 Masonry
48:12 Ballistics
48:48 Gold Shaft Mining
48:04 Stone Mining
52:33 Recurve Bow
Connection lost

Rejoining the realm…

Still unreachable

The connection could not be restored.

Session expired

The server has moved on; the page needs a fresh start.